 Dungeon Crawl Stone Soup version 0.19.0-2-gae57169 (webtiles) character file.

231 Inkary the Shield-Bearer (level 6, 0/48 HPs)
             Began as a Formicid Fighter on Nov 3, 2016.
             Slain by a leopard gecko (5 damage)
             ... on level 3 of the Dungeon.
             The game lasted 00:05:13 (2512 turns).

Inkary the Shield-Bearer (Formicid Fighter)         Turns: 2512, Time: 00:05:14

Health: 0/48       AC:  2    Str: 22 (23) XL:     6   Next: 24%
Magic:  6/6        EV:  9    Int:  6 (7)  God:
Gold:   138        SH:  9    Dex:  8 (10) Spells: 0 memorised, 5 levels left

rFire  + . .     SeeInvis +     a - +0 war axe
rCold  . . .     Gourm    .     l - +0 leather armour {rF+}
rNeg   . . .     Faith    .     c - +0 shield
rPois  .         Spirit   .     (helmet unavailable)
rElec  .         Reflect  .     (no cloak)
rCorr  .         Harm     .     (no gloves)
MR     .....                    (no boots)
Stlth  +.........               (no amulet)
                                (no ring)
                                (no ring)

@: no status effects
A: permanent stasis, dig shafts and tunnels, four strong arms, antennae 3,
deformed body, sense surroundings 1, evolution 1
a: Dig, Shaft Self


You were on level 3 of the Dungeon.
You were hungry.

You visited 1 branch of the dungeon, and saw 3 of its levels.

You collected 138 gold pieces.

Inventory:

Hand Weapons
 a - a +0 war axe (weapon)
Armour
 b - a +0 scale mail
 c - a +0 shield (worn)
 l - a +0 leather armour of fire resistance (worn)
Jewellery
 p - an uncursed ring of protection from fire {unknown}
Scrolls
 d - a scroll of blinking {unknown}
 e - a scroll of immolation {unknown}
 g - a scroll of fog {unknown}
 j - a scroll of recharging {unknown}
 k - a scroll of remove curse {unknown}
 r - 2 scrolls of identify {unknown}
 s - a scroll of teleportation {unknown}
 x - a scroll of noise {unknown}
 y - a scroll of enchant weapon {unknown}
 A - a scroll of magic mapping {unknown}
Potions
 o - 2 potions of berserk rage
 t - 4 potions of curing
 v - a potion of magic
 z - 2 potions of flight
Comestibles
 f - 3 bread rations
 i - 2 beef jerkies
 q - 2 meat rations
 u - 5 fruits


   Skills:
 + Level 4.1 Fighting
 * Level 4.0 Axes
 + Level 4.5 Armour
 + Level 4.7 Shields


You had 5 spell levels left.
You didn't know any spells.

Dungeon Overview and Level Annotations

Branches:
Dungeon (3/15)

Altars:


Innate Abilities, Weirdness & Mutations

You are under a permanent stasis effect.
You can dig through walls and to a lower floor.
Your four strong arms can wield two-handed weapons with a shield.
You have a pair of large antennae on your head. (SInv)
Armour fits poorly on your strangely shaped body.
You passively map a small area around you.
You evolve.


Message History

You kill the orc!
The orc wizard casts a spell.
The orc wizard blinks!
You hit the leopard gecko.
The leopard gecko is severely wounded.
The leopard gecko bites you.
* * * LOW HITPOINT WARNING * * *
You block the orc wizard's attack.
You closely miss the leopard gecko.
The leopard gecko is severely wounded.
You hit the orc wizard. You block the leopard gecko's attack.
You block the orc wizard's attack. The leopard gecko barely misses you.
The orc wizard hits you with a dagger.
* * * LOW HITPOINT WARNING * * *
You hit the orc wizard but do no damage.
The orc wizard is almost dead.
You closely miss the leopard gecko.
The orc wizard mumbles some strange words.
The orc wizard blinks!
The leopard gecko bites you.
You die...

#.# .. * #.# #.#
#.# #.# #.# * #.#
#.# #.# #.# #.#
#.# , ..#
##.######.##### *
* .(#
#.<...........#
..# #.##.....§# ,
..######.#######@#
, , .).......# #l#
, .#########
#†###.### )#
#.....o.. * .#
#.###.### ## #.# ,
, ,* #.# , * #.#
,* , #.#


You could see a leopard gecko.

Vanquished Creatures
  A gnoll shaman (D:3)
  6 gnolls
  3 adders
  2 oozes (D:1)
  2 worms
  3 dart slugs
  4 leopard geckos
  4 orcs (D:3)
  A ball python (D:1)
  2 giant cockroaches (D:2)
  9 goblins
  5 hobgoblins
  10 jackals
  3 quokkas (D:2)
  12 bats
  2 frilled lizards
  8 kobolds
  9 rats
86 creatures vanquished.

Notes
Turn   | Place    | Note
-------+----------+-------------------------------------------
     0 | D:1      | Inkary the Formicid Fighter began the quest for the Orb.
     0 | D:1      | Reached XP level 1. HP: 18/18 MP: 1/1
    40 | D:1      | Reached XP level 2. HP: 24/24 MP: 2/2
   369 | D:1      | Reached XP level 3. HP: 19/29 MP: 3/3
  1088 | D:2      | Reached XP level 4. HP: 25/36 MP: 4/4
  1548 | D:2      | Reached XP level 5. HP: 39/42 MP: 5/5
  2047 | D:3      | HP: 2/42 [adder (4)]
  2055 | D:3      | Gained mutation: You passively map a small area around you. [potion of mutation]
  2055 | D:3      | Gained mutation: Armour fits poorly on your strangely shaped body. [potion of mutation]
  2055 | D:3      | Gained mutation: You evolve. [potion of mutation]
  2098 | D:3      | Noticed an ogre
  2171 | D:3      | Reached XP level 6. HP: 13/48 MP: 6/6
  2512 | D:3      | Slain by a leopard gecko

Skill      XL: |  1  2  3  4  5  6 |
---------------+-------------------+-----
Shields        | 4 |  4.7
Fighting       | 4 |  4.1
Axes           | 3 4 |  4.0
Armour         | 4 |  4.5

Action                   |  1- 3 |  4- 6 || total
-------------------------+-------+-------++-------
Melee: War axe           |   107 |   199 ||   306
 Abil: Dig               |     1 |       ||     1
  Use: Potion            |       |    11 ||    11
  Eat: Chunk             |       |     5 ||     5
Armor: Scale mail        |    12 |       ||    12
       Leather armour    |    45 |    41 ||    86
       Skin              |       |    10 ||    10
Dodge: Dodged            |    45 |    85 ||   130
Block: Shield            |    78 |   136 ||   214
